 Dungeon Crawl Stone Soup version 0.21-a0-519-gb765982 (webtiles) character file.

53 slep the Chopper (level 3, -6/30 HPs)
             Began as a Hill Orc Gladiator on Dec 5, 2017.
             Mangled by Sigmund
             ... wielding a +0 scythe
              (8 damage)
             ... on level 2 of the Dungeon.
             The game lasted 00:02:43 (1036 turns).

slep the Chopper (Hill Orc Gladiator)               Turns: 1036, Time: 00:02:43

Health: -6/30      AC:  4    Str: 16    XL:     3   Next: 89%
Magic:  0/12       EV: 12    Int:  8    God:
Gold:   75         SH:  0    Dex: 13    Spells: 2/2 levels left

rFire    . . .     SeeInvis .   a - +0 war axe
rCold    . . .     Gourm    .   (no shield)
rNeg     + . .     Faith    .   e - +0 leather armour {rN+}
rPois    .         Spirit   +   c - +0 helmet
rElec    .         Reflect  .   (no cloak)
rCorr    .         Harm     .   (no gloves)
MR       .....                  (no boots)
Stlth    +.........             i - amulet of guardian spirit
HPRegen  0.10/turn              g - ring of magical power
MPRegen  0.13/turn              (no ring)

@: no status effects
A: no striking features
a: no special abilities


You were on level 2 of the Dungeon.
You were hungry.

You visited 1 branch of the dungeon, and saw 2 of its levels.

You collected 75 gold pieces.

Inventory:

Hand Weapons
 a - a +0 war axe (weapon)
Missiles
 d - 3 throwing nets (quivered)
 l - 6 tomahawks of returning
Armour
 b - a +0 leather armour
 c - a +0 helmet (worn)
 e - a +0 leather armour of positive energy (worn)
Jewellery
 g - a ring of magical power (left hand)
 i - an amulet of guardian spirit (around neck)
Scrolls
 h - a scroll of fear {unknown}
 j - a scroll of enchant armour {unknown}
 k - a scroll of teleportation {unknown}
 m - a scroll of remove curse {unknown}
 o - a scroll of identify {unknown}
Potions
 n - a potion of agility {unknown}
 p - a potion of brilliance {unknown}
 q - 2 potions of ambrosia {unknown}
Comestibles
 f - a bread ration


   Skills:
 + Level 2.9 Fighting
 + Level 5.2 Axes
 + Level 1.9 Throwing
 + Level 0.2 Armour
 + Level 2.8 Dodging
 + Level 0.4 Stealth


You had 2 spell levels left.
You didn't know any spells.

Dungeon Overview and Level Annotations

Branches:
Dungeon (2/15)

Altars:
Ashenzari

Annotations:
D:2 Sigmund


Message History

Found a stone staircase leading up.
You feel sick.
You feel sick.
You are no longer poisoned.
You are feeling hungry.
Found 21 stones.
Sigmund the Dreaded comes into view.
He is wielding a scythe.
The helpless Sigmund fails to defend himself.
You slash Sigmund!
Sigmund is moderately wounded.
Sigmund casts a spell.
Sigmund flickers and vanishes!
Deactivating autopickup; reactivate with Ctrl-A.
You barely miss something. Something hits you!
You miss something. Something hits you but does no damage.
You hit something. Something hits you!
You closely miss something. Something hits you!
* * * LOW HITPOINT WARNING * * *
You miss something. Something hits you!
You die...

### #.. #.# # .# #.#
#.########.# #.#
####.#...{....### ######.#
.......###@.....# #...>...
................# ##......#
........##......# ........#
........#####.###.........#
..........................>
...........##.#.#.......#.#
.##.##......#.#.# .........
#.#.......#.#.# ......... #
#(......#.#.####.......


There were no monsters in sight!

Vanquished Creatures
  2 adders (D:2)
  A worm (D:2)
  2 dart slugs (D:1)
  A leopard gecko (D:1)
  A bat (D:1)
  2 goblins (D:1)
  2 hobgoblins (D:1)
  6 jackals (D:1)
  3 kobolds
  A quokka (D:2)
  2 ball pythons
  2 frilled lizards (D:1)
  3 rats
28 creatures vanquished.

Notes
Turn   | Place    | Note
-------+----------+-------------------------------------------
     0 | D:1      | slep the Hill Orc Gladiator began the quest for the Orb.
     0 | D:1      | Reached XP level 1. HP: 18/18 MP: 1/1
    60 | D:1      | Reached XP level 2. HP: 23/25 MP: 1/2
   615 | D:1      | Reached XP level 3. HP: 30/30 MP: 3/3
   838 | D:2      | Found a shattered altar of Ashenzari.
   950 | D:2      | Reached skill level 5 in Axes
  1030 | D:2      | Noticed Sigmund
  1035 | D:2      | HP: 1/30 [something (10)]
  1036 | D:2      | Mangled by Sigmund

Vault maps used:
D:1:      dpeg_arrival_stone_temple_mockup
D:2:      lemuel_crystal_altar, lemuel_doored_altar,
          ashenzari_conservatory_becter, uniq_sigmund

Skill      XL: |  1  2  3 |
---------------+----------+-----
Axes           | 5 |  5.2
Fighting       | |  2.9
Throwing       | |  1.9
Armour         | |  0.2
Dodging        | |  2.8
Stealth        | |  0.4

Action                   || total
-------------------------++-------
Melee: War axe           ||    96
 Stab: Sleeping          ||     3
Armor: Leather armour    ||    36
Dodge: Dodged            ||    62

Table legend:
 A = Spawn XP
 B = Non-spawn XP
 C = Spawn XP percentage of total XP
 D = Spawn monster count
 E = Non-spawn monster count
 F = Spawn count percentage of total count
 G = Total turns spent on level
                    A         B        C        D         E        F      G
               +---------+---------+-------+---------+---------+-------+---------
         Total |       0 |      77 |   0.0 |       0 |      28 |   0.0 |  1036
               +---------+---------+-------+---------+---------+-------+---------
           D:1 |       0 |      40 |   0.0 |       0 |      20 |   0.0 |   802
           D:2 |       0 |      37 |   0.0 |       0 |       8 |   0.0 |   234
               +---------+---------+-------+---------+---------+-------+---------
